AoeStats
← Generation Kill

Oasis

508402780Analyzed
4v4 RM · 11d ago on Sep 22, 2026· 21m 53s· 8 players
Game mode
Random Map
Map size
Large (8 player)
Population
200
Speed
Normal
Resources
Standard
Victory
Conquest
Starting age
Dark Age
Ending age
Imperial Age
RankedLock teamsTeams togetherTeam positionsShared explorationLock speedFull tech treeHidden civsTurbo modeCheats
Victory
Defeat
🇦🇺 Muisca · Australia
1260
+12
🇸🇪 Teutons · Sweden
1202
+14
🇹🇷 Byzantines · Türkiye
1197
+14
🇨🇳 Britons · China
1187
+15
1420
-23
🇭🇰 Maya · Hong Kong SAR China
1151
-13
🇨🇳 Britons · China
1082
-11
🇨🇳 Poles · China
996
-8
FALCON
7:31 Loom
10:39 Feudal Age
18:37 Castle Age
18:40 Elite Skirmisher
21:02 Elite Skirmisher
Generation Kill
4:25 Loom
7:44 Loom
10:44 Feudal Age
11:18 Double-Bit Axe
15:18 Bloodlines
18:52 Wheelbarrow
18:02 Horse Collar
23:08 Castle Age
Alicat
9:28 Feudal Age
9:27 Loom
11:47 Double-Bit Axe
13:50 Fletching
17:41 Padded Archer Armor
18:15 Horse Collar
21:16 Castle Age
ROCK
8:08 Loom
10:15 Feudal Age
11:41 Double-Bit Axe
15:15 Fletching
17:26 Padded Archer Armor
18:23 Horse Collar
yukido
10:02 Feudal Age
10:58 Double-Bit Axe
12:39 Horse Collar
13:46 Loom
15:19 Man-at-Arms
18:00 Scale Barding Armor
19:50 Forging
20:16 Bloodlines
23:20 Castle Age
快乐沙狗
0:27 Loom
9:54 Feudal Age
11:54 Fletching
16:23 Double-Bit Axe
16:50 Padded Archer Armor
Inkwing47
6:46 Loom
9:12 Feudal Age
15:31 Fletching
16:37 Horse Collar
19:12 Double-Bit Axe
19:32 Gold Mining
24:20 Castle Age
埃米尔.帖木儿.夏天
6:43 Loom
9:50 Feudal Age
11:23 Double-Bit Axe
17:26 Scale Barding Armor
18:52 Forging
20:09 Bloodlines
20:06 Horse Collar
Connection lost

Rejoining the realm…

Still unreachable

The connection could not be restored.

Session expired

The server has moved on; the page needs a fresh start.